AoeStats
← Tanana

Nomad

509412637Analyzed
4v4 RM · 6d ago on Sep 26, 2026· 27m 27s· 8 players
Game mode
Random Map
Map size
231×231
Population
200
Speed
Normal
Resources
Standard
Victory
Conquest
Starting age
Dark Age
Ending age
Imperial Age
RankedLock teamsTeams togetherTeam positionsShared explorationLock speedFull tech treeHidden civsTurbo modeCheats
Victory
Defeat
🇩🇪 Bulgarians · Germany
1368
+16
🇩🇪 Vietnamese · Germany
1324
+17
🇩🇪 Persians · Germany
1324
+18
🇩🇪 Koreans · Germany
1322
+18
🇧🇷 Hindustanis · Brazil
1513
-24
🇧🇷 Saxons · Brazil
1392
-18
🇧🇷 Saxons · Brazil
1308
-15
🇧🇷 Danes · Brazil
1226
-12
I still hate Goths
3:53 Loom
12:43 Feudal Age
16:51 Castle Age
14:55 Double-Bit Axe
16:08 Scale Barding Armor
17:31 Horse Collar
18:04 Bloodlines
24:02 Chain Barding Armor
24:36 Forging
25:06 Husbandry
Fürst Zono
4:04 Loom
12:58 Feudal Age
16:41 Castle Age
17:18 Double-Bit Axe
18:52 Bow Saw
18:51 Fletching
24:34 Gold Mining
I still love Koreans
5:09 Loom
13:09 Feudal Age
14:54 Wheelbarrow
16:39 Castle Age
15:15 Double-Bit Axe
16:35 Fishing Lines
17:39 Wheelbarrow
19:43 Fletching
20:34 Bodkin Arrow
20:41 Town Watch
25:38 Horse Collar
28:05 Careening
Tanana
3:42 Loom
13:50 Feudal Age
18:10 Castle Age
18:03 Double-Bit Axe
20:14 Crossbowman
21:03 Fletching
22:20 Bow Saw
22:51 Padded Archer Armor
24:49 Bodkin Arrow
27:13 Ballistics
TIRA-ONDA
9:41 Loom
12:56 Feudal Age
16:53 Castle Age
14:39 Double-Bit Axe
14:47 Horse Collar
16:02 Fletching
17:50 Bow Saw
17:41 Heavy Plow
17:42 Gold Mining
18:37 Bodkin Arrow
20:18 Medium Warships
19:49 Fishing Lines
25:23 Heavy Plow
Tesla_G
10:07 Loom
12:18 Feudal Age
16:52 Castle Age
16:37 Stone Mining
19:29 Fletching
22:38 Wheelbarrow
24:23 Double-Bit Axe
AeroLag
4:28 Loom
14:17 Feudal Age
18:34 Castle Age
17:42 Town Watch
18:12 Gold Mining
19:11 Fletching
20:34 Forging
20:24 Scale Mail Armor
21:20 Wheelbarrow
AURA FARMER
5:32 Loom
13:47 Feudal Age
18:43 Castle Age
17:27 Double-Bit Axe
18:08 Gold Mining
18:12 Stone Mining
24:29 Wheelbarrow
25:17 Fletching
25:31 Scale Mail Armor
Connection lost

Rejoining the realm…

Still unreachable

The connection could not be restored.

Session expired

The server has moved on; the page needs a fresh start.